 Dungeon Crawl Stone Soup version 0.28.0-45-g0d030f2227 (webtiles) character file.

Game seed: 2246112323686513217

37 NinjaNoafa the Skirmisher (level 3, -5/33 HPs)
             Began as a Hill Orc Fighter on Apr 2, 2022.
             Slain by a gnoll
             ... wielding a +0 halberd
              (9 damage)
             ... on level 2 of the Dungeon.
             The game lasted 00:03:01 (1311 turns).

NinjaNoafa the Skirmisher (Hill Orc Fighter)        Turns: 1311, Time: 00:03:03

Health: -5/33      AC:  6    Str: 20    XL:     3   Next: 41%
Magic:  3/3        EV: 13    Int:  8    God:
Gold:   11         SH:  4    Dex: 10    Spells: 2/2 levels left

rFire   . . .      SeeInvis .   j - +0 flail (holy)
rCold   . . .      Faith    .   c - +0 buckler
rNeg    . . .      Spirit   .   b - +0 scale mail
rPois   .          Reflect  .   (no helmet)
rElec   .          Harm     .   (no cloak)
rCorr   .          Rampage  .   (no gloves)
Will    .....                   (no boots)
Stlth   ..........              (no amulet)
HPRegen 0.11/turn               k - +4 ring of evasion
MPRegen 0.08/turn               (no ring)

@: no status effects
A: no striking features
a: no special abilities


You were on level 2 of the Dungeon.
You visited 1 branch of the dungeon, and saw 2 of its levels.

You collected 11 gold pieces.

Inventory:

Hand Weapons
 a - a +0 war axe
 j - a +0 flail of holy wrath (weapon)
Missiles
 f - 21 stones (quivered)
Armour
 b - a +0 scale mail (worn)
 c - a +0 buckler (worn)
Jewellery
 k - a +4 ring of evasion (left hand)
Scrolls
 h - a scroll of vulnerability {unknown}
 i - a scroll of magic mapping {unknown}
 l - a scroll of holy word {unknown}
 m - a scroll of fear {unknown}
Potions
 g - a potion of ambrosia {unknown}
 n - a potion of brilliance {unknown}


   Skills:
 + Level 4.0 Fighting
 - Level 3.0(3.3) Axes
 * Level 1.5(2.2) Maces & Flails
 + Level 3.6 Armour
 + Level 3.6 Shields


You had 2 spell levels left.
You didn't know any spells.
Your spell library was empty.

Dungeon Overview and Level Annotations

Branches:
Dungeon (2/15)

Altars:

Shops:
D:1 *


Message History

You hit the giant cockroach.
The giant cockroach is heavily wounded.
The giant cockroach closely misses you. The giant cockroach barely misses you.
You hit the giant cockroach.
You kill the giant cockroach!
A dart slug comes into view.
You see here a giant cockroach corpse.
A dart slug is nearby!
The dart slug launches a dart at you. The slug dart misses you.
The dart slug launches a dart at you. The slug dart misses you.
You sock the dart slug!
You kill the dart slug!
You see here a dart slug corpse.
You open the door. 2 gnolls come into view.
The gnoll shouts! x2; You hear a shout!
A gnoll comes into view. It is wielding a +0 whip.
You hit the gnoll but do no damage. The gnoll barely misses you.
You thump the gnoll!
The gnoll is severely wounded.
The gnoll hits you with a +0 whip. The gnoll closely misses you.
You barely miss the gnoll.
The gnoll is severely wounded.
The gnoll completely misses you. The gnoll closely misses you.
You closely miss the gnoll. The gnoll closely misses you.
The gnoll hits you from afar with a +0 halberd!
The gnoll barely misses you. The gnoll hits you with a +0 whip.
You hit the gnoll.
The gnoll is lightly wounded.
The gnoll hits you from afar with a +0 halberd!
The gnoll hits you but does no damage. The gnoll hits you with a +0 whip.
You barely miss the gnoll.
The gnoll is lightly wounded.
The gnoll hits you from afar with a +0 halberd!
* * * LOW HITPOINT WARNING * * *
The gnoll closely misses you. The gnoll hits you but does no damage.
The gnoll hits you from afar with a +0 halberd!
You die...

####### ### ...... ..#
#....# #.# #. #<...#
###.. .. +....+ ..#g#
#.##....######.#g#######
#.......+...##.#@g......
#...†..###.##.#.#######
#......++#.##'#.####
+..................#
#..<............####
#......#†........#
#......#............
.......#..>.##+#.....
#.######....# #......


You could see 3 gnolls.

Vanquished Creatures
  4 dart slugs
  4 endoplasms (D:1)
  A giant cockroach (D:2)
  3 goblins (D:1)
  2 hobgoblins (D:1)
  2 quokkas (D:1)
  3 ball pythons (D:1)
  A bat (D:1)
  3 frilled lizards (D:1)
  3 kobolds (D:1)
  2 rats (D:1)
28 creatures vanquished.

Vanquished Creatures (others)
  A plant (D:2)
1 creature vanquished.

Grand Total: 29 creatures vanquished

Notes
Turn   | Place    | Note
-------+----------+-------------------------------------------
     0 | D:1      | NinjaNoafa the Hill Orc Fighter began the quest for the
                  | Orb.
     0 | D:1      | Reached XP level 1. HP: 19/19 MP: 1/1
   220 | D:1      | Reached XP level 2. HP: 11/27 MP: 2/2
   741 | D:1      | Found Abol's Assorted Antiques.
   778 | D:1      | Reached skill level 1 in Maces & Flails
   784 | D:1      | Reached skill level 4 in Fighting
   784 | D:1      | Reached XP level 3. HP: 10/33 MP: 3/3
  1311 | D:2      | Slain by a gnoll

Illustrated notes

Levels and vault maps discovered:
D:1:      roderic_octagonal_star, layout_basic, serial_shops, shop
D:2:      layout_basic, dreamdust_ecumenical_altar_grove, basic_altar,
          uniq_robin

Skill      XL: |  1  2 |
---------------+-------+-----
Axes           | 3 |  3.0
Maces & Flails | 1 |  1.5
Fighting       | 4 |  4.0
Armour         | |  3.6
Shields        | |  3.6

Action                   || total
-------------------------++-------
Melee: War axe           ||    21
       Flail             ||    55
  Use: Potion            ||     2
       Scroll            ||     1
Armor: Scale mail        ||    29
Dodge: Dodged            ||    61
Block: Buckler           ||    26
